Workbook

Sheet Notes
A2: Date: | B2: 46304
A3: Author: | B3: Richard Potter
A4: Email: | B4: richard.potter@analyticscambridge.co.uk
A5: Version: | B5: V 17
A7: A catalogue of environmental data geographically of interest for Local Authorities
A9: Worksheets | B9: Content
A10: Data | B10: Data: title, variables, categories, organisation, date of publication, smallest geography, link, which nations available for
A11: Articles | B11: Collection of articles, author, date, title, published by, link. Generally those within most recent three years.
A12: Glossary | B12: Names from sets of initials e.g. MAGIC: Multi-Agency Geographic Information for the Countryside
A14: Notes
A15: Term Geo is used to indicate one or more of Geodatabase, GeoJSON, Shapefile
A16: Bias towards data sets which are updated rather than one-off reports. So Biogeographic Zones Living England (2021) not included.
A17: Thanks to P V Landshoff and Natural Cambridgeshire Partnership Forum for many links ( https://naturalcambridgeshire.org.uk/ )
A18: The bias is towards England. Data sets which are only available for Northern Ireland, Scotland or Wales have not been included
A20: Changes for version 17
A21: Added data
A22: Access the public register for environmental information
A23: Crop Map of England (CROME) 2025
A24: Extreme Heat Vulnerability Index
A25: Fire and rescue incident statistics
A26: FloodRadar
... A31: Removed data
A32: Climate Change Impacts tool | B32: Access to server "A 523 error means that Cloudflare could not reach your host web server."
A33: Drinking water | B33: pdf file moved to articles page
A34: Water Resources | B34: Access to server "A 523 error means that Cloudflare could not reach your host web server."
A36: Additions to Articles
A37: Droughts in England
A38: PFAS in UK waters – presence, detection, and remediation
A39: UK aquifers robust despite driest July on record
A40: UK Environmental Accounts: 2026 (updated)
A42: Deletions to Articles
A43: Green to Grey
A44: Heat resilience and sustainable cooling inquiry: call for evidence, Written evidence submitted by the UK Health Security Agency to Environmental Audit Committee
A45: Natural England Action Plan 2024 to 2025
A48: Data sites by groups
A49: Groups | B49: Number | C49: Per centage
A50: Air | B50: =COUNTIF(Data!C$6:C$83,Notes!A50) -> 6 | C50: =B50/B$60 -> 0.076923077
A51: Animals | B51: =COUNTIF(Data!C$6:C$83,Notes!A51) -> 4 | C51: =B51/B$60 -> 0.051282051
A52: Catalogue | B52: =COUNTIF(Data!C$6:C$83,Notes!A52) -> 4 | C52: =B52/B$60 -> 0.051282051
A53: Climate | B53: =COUNTIF(Data!C$6:C$83,Notes!A53) -> 3 | C53: =B53/B$60 -> 0.038461538
A54: Energy | B54: =COUNTIF(Data!C$6:C$83,Notes!A54) -> 2 | C54: =B54/B$60 -> 0.025641026
A55: Environment | B55: =COUNTIF(Data!C$6:C$83,Notes!A55) -> 2 | C55: =B55/B$60 -> 0.025641026
A56: Land | B56: =COUNTIF(Data!C$6:C$83,Notes!A56) -> 21 | C56: =B56/B$60 -> 0.26923077
A57: People | B57: =COUNTIF(Data!C$6:C$83,Notes!A57) -> 5 | C57: =B57/B$60 -> 0.064102564
A58: Plants | B58: =COUNTIF(Data!C$6:C$83,Notes!A58) -> 11 | C58: =B58/B$60 -> 0.14102564
A59: Water | B59: =COUNTIF(Data!C$6:C$83,Notes!A59) -> 20 | C59: =B59/B$60 -> 0.25641026
A60: Total | B60: =SUM(B50:B59) -> 78

Sheet Data
A1: Data and sources
A5: Title | B5: Variables | C5: Class | D5: Organisation who published | E5: Date of publication or update | F5: Smallest Geography | G5: Hyperlink | H5: Notes | I5: Date link tested | J5: England | K5: Northern Ireland | L5: Scotland | M5: Wales
A6: Air quality statistics - ENV02 | B6: Particulate matter (PM2.5 and PM10), Ozone, Nitrogen Dioxide | C6: Air | D6: Department for Environment Food and Rural Affairs | E6: 46203 | F6: Monitoring devices | G6: https://www.gov.uk/government/statistical-data-sets/env02-air-quality-statistics | H6: Not clear at this stage where the devices are located | I6: 46303 | J6: Y | K6: Y | L6: Y | M6: Y
A7: Enclosed Farmland Natural Capital Accounts, UK: 2026 detailed summary tables | B7: Air pollution regulating, Greenhouse gas regulating, | C7: Air | D7: Office for National Statistics | E7: 46211 | F7: Local Authority | G7: https://www.ons.gov.uk/economy/environmentalaccounts/datasets/enclosedfarmlandnaturalcapitalaccountsukdetailedsummarytables | I7: 46303 | J7: Y | K7: Y | L7: Y | M7: Y
A8: Greenhouse gas emissions | B8: Greenhouse gas emissions (tCO2e) per capita, for 2005 to 2024 | C8: Air | D8: Department for Energy Security and Net Zero | E8: 46198 | F8: Local Authority | G8: https://explore-local-statistics.beta.ons.gov.uk/indicators/greenhouse-gas-emissions | H8: Data for each year, 2005 to 2024 | I8: 46303 | J8: Y | K8: Y | L8: Y | M8: Y
A9: Greenhouse gas emissions, 2005 to 2021 | B9: CO2, Nitrous Oxide, Methane, by industry sector | C9: Air | D9: Department for Business, Energy & Industrial Strategy | E9: 44742 | F9: Local Authority | G9: https://www.gov.uk/government/statistics/uk-local-authority-and-regional-greenhouse-gas-emissions-national-statistics-2005-to-2020 | H9: The greenhouse gases here are carbon dioxide, methane and nitrous oxide. Technical report published. Table 5.1 is of site data: Pollution Inventory 'by source' emissions, not consistent with local authority emissions by end-user (kt CO2e) | I9: 46303 | J9: Y | K9: Y | L9: Y | M9: Y
A10: Interactive monitoring networks map | B10: Location of monitors for 15 different types of "chemical": heavy metals, hydrocarbon, ozone… | C10: Air | D10: Department for Energy Security and Net Zero | E10: Current | F10: Point | G10: https://uk-air.defra.gov.uk/interactive-map | H10: Detailed figures, though lacking in simple explanations! | I10: 46303 | J10: Y | K10: Y | L10: Y | M10: Y
A11: National Atmospheric Emissions Inventory | B11: Greenhouse gases | C11: Air | D11: Science and Innovation for Climate and Energy (SICE) Division at the Department for Energy Security and Net Zero (DESNZ) and the Air Quality and Industrial Emissions Evidence Team of the Department for Environment, Food and Rural Affairs (Defra) | E11: 2024 | F11: Local Authority | G11: https://naei.energysecurity.gov.uk/laghgapp/ | H11: Includes the mapping of Greenhouse gas emissions from DEFRA and BIS | I11: 46303 | J11: Y | K11: Y | L11: Y | M11: Y
A12: Breeding Bird Survey 2025 | B12: Birds | C12: Animals | D12: British Trust for Ornithology (BTO) / Joint Nature Conservation Committee (JNCC) / (Royal Society for the Protection of Birds (RSPB) | E12: 2025 | F12: Sites | G12: https://www.bto.org/our-work/science/publications/reports/bbs-reports | H12: This is a report, maps show data at site level | I12: 46303 | J12: Y | K12: Y | L12: Y | M12: Y
A13: Butterflies | B13: Count by public of number of butterflies, by species | C13: Animals | D13: Butterfly Conservation | E13: N/K | F13: By site | G13: https://butterfly-conservation.org/in-your-area | I13: 46303 | J13: Y | K13: Y | L13: Y | M13: Y
A14: Important Invertebrate Areas | B14: Links from map to reports on the Important Invertebrate Area (IIAs). Includes qualifying species of conservation concern. | C14: Animals | D14: Buglife | E14: 2025 | F14: Hectads (10km x 10km squares) | G14: https://www.buglife.org.uk/our-work/important-invertebrate-areas/ | H14: The national IIA network was mapped using data from national invertebrate recording schemes – over 45 million records from 80 schemes. Not dated but Weekly News Digest 13.07.26, dated of reports seen were in 2025 | I14: 46303 | J14: Y | L14: Y | M14: Y
A15: Wetland Bird Survey | B15: Waterbirds in the UK | C15: Animals | D15: British Trust for Ornithology | E15: 46128 | F15: Data by site for waterbirds | G15: https://app.bto.org/webs-reporting/numbers.jsp | H15: WeBS is a partnership jointly funded by the BTO, RSPB and JNCC, with fieldwork conducted by volunteers. | I15: 46303 | J15: Y | K15: Y | L15: Y | M15: Y
A16: Accredited official statistics | B16: 146 variables listed under Domain Topic "Transport, Environment and Climate Change" | C16: Catalogue | D16: Office for Statistics Regulation | E16: 2026 | F16: Various | G16: https://osr.statisticsauthority.gov.uk/accredited-official-statistics/ | H16: In the Accredited Official Statistics List (Excel download) | I16: 46303 | J16: Y | K16: Y | L16: Y | M16: Y
A17: GSS Environment, Climate and Nature workplan | B17: Emissions and pollution; environmental economy; resource management, energy and waste; weather and water quality; land and soil; biodiversity and ecosystem; environmental and human health | C17: Catalogue | D17: Government Statistical Service | E17: 2026 | F17: Various | G17: https://analysisfunction.civilservice.gov.uk/government-statistical-service-and-statistician-group/user-facing-pages/theme-based-statistics/gss-theme-workplans/gss-theme-workplan-environment-climate-nature/#resource-management-energy-and-waste | H17: A range of departments collect, compile and publish environment, climate and nature statistics relevant to their policy area, including the devolved governments in Northern Ireland, Scotland and Wales | I17: 46303 | J17: Y | K17: Y | L17: Y | M17: Y
A18: National Data Library - Environment Collection | B18: Includes: Air quality, Costal erosion, Flood alerts, Forest and woodland, Landfill sites, Long term flood risk, Main rivers, Road noise, Storm overflows, Water quality, Weather | C18: Catalogue | D18: Variety | E18: Current | F18: Various | G18: https://www.data.gov.uk/collections/environment/weather | H18: From data.gov.uk (the home of UK public data to inform decisions and build services) those categorised as "Environment" | I18: 46303 | J18: Y | K18: Y | L18: Y | M18: Y
A19: Research and statistics | B19: Search by "environment" | C19: Catalogue | D19: Through .gov.uk | E19: Current | F19: Various | G19: https://www.gov.uk/search/research-and-statistics?content_store_document_type=statistics_published&order=updated-newest | H19: Not that useful. If chose: a) Statistics published b) Topic: environment and have "temperature" in search box. There's nine pages of publication, around 180 publications. Three quarters of these are monthly publications on energy trends and prices. | I19: 46303 | J19: Y | K19: Y | L19: Y | M19: Y
A20: Council climate action scorecard | B20: Scorecard consists of 93 questions (by council type), across 7 sections. Each council with a right to reply before the scores underwent a final audit | C20: Climate | D20: Climate Emergency UK | E20: 2025 | F20: Local Authority | G20: https://councilclimatescorecards.uk/about/ | I20: 46303 | J20: Y | L20: Y | M20: Y
A21: HadUK-Grid Gridded Climate Observations on a 1km grid over the UK, v1.3.2.ceda (1836-2025) | B21: 26 variables, Including ground frost, maximum air temperature, sunshine hours, total rainfall, surface temperature | C21: Climate | D21: Met Office | E21: 45667 | F21: 1 km x 1 km data | G21: https://catalogue.ceda.ac.uk/uuid/f02cc6ddd92f45b18b9ab6ab544df7d9/ | H21: Assume all four nations as indicates UK | I21: 46303 | J21: Y | K21: Y | L21: Y | M21: Y
A22: Historic station data | B22: Temperature and rain - from when weather station opened to recent month | C22: Climate | D22: Met Office | E22: Current | F22: Weather measuring stations | G22: https://www.metoffice.gov.uk/research/climate/maps-and-data/historic-station-data | H22: Monthly data are available for a selection of long-running historic stations. The series typically range from 50 to more than 100 years in length | I22: 46303 | J22: Y | K22: Y | L22: Y | M22: Y
A23: Domestic electricity consumption | B23: Median domestic electricity consumption (kWh) | C23: Energy | D23: Office for National Statistics | E23: 46009 | F23: Local Authority | G23: https://www.ons.gov.uk/explore-local-statistics/indicators/domestic-electricity-consumption | H23: Published by Office for National Statistics, from Department for Energy Security and Net Zero (Great Britain) and Department for Energy Security and Net Zero (Northern Ireland) | I23: 46303 | J23: Y | K23: Y | L23: Y | M23: Y
A24: Domestic gas consumption | B24: Median domestic gas consumption (kWh) | C24: Energy | D24: Office for National Statistics | E24: 46009 | F24: Local Authority | G24: https://www.ons.gov.uk/explore-local-statistics/indicators/domestic-gas-consumption | H24: Published by Office for National Statistics, from Department for Energy Security and Net Zero (Great Britain). Maps, charts and data to download | I24: 46303 | J24: Y | L24: Y | M24: Y
A25: Environment Agency Prosecutions | B25: Sector, incident type | C25: Environment | D25: Environment Agency | E25: 46374 | F25: Region, Local Authoirty collection | G25: https://www.data.gov.uk/dataset/6f06910a-8411-4117-9905-6284f1997c33/environment-agency-prosecutions | I25: 46303 | J25: Y
A26: Natural environment | B26: Geographic information about the natural environment from across government. The information covers rural, urban, coastal and marine environments across Great Britain. It is presented in an interactive map which can be explored using various mapping tools that are included. | C26: Environment | D26: Natural England | E26: Various | F26: Grid reference | G26: https://magic.defra.gov.uk/MagicMap.html | H26: Shows large number of data sets listed via: https://magic.defra.gov.uk/Dataset_Download_Summary.htm | I26: 46303 | J26: Y | K26: Y | L26: Y | M26: Y
A27: Access to green and blue space in England | B27: Percentage of households in each Output Area with access to green and blue space in England, under the 15-minute commitment and neighbourhood, local, and doorstep standards | C27: Land | D27: Department for Environment Food and Rural Affairs | E27: 46085 | F27: Output area | G27: https://www.gov.uk/government/statistics/access-to-green-and-blue-space-in-england | H27: Estimates of household access to green and blue spaces in England | I27: 46303 | J27: Y
A28: Agricultural industry structure in England and the UK at June | B28: Key land use, crop areas, livestock populations and agricultural workforce | C28: Land | D28: Department for Environment Food and Rural Affairs | E28: 46287 | F28: Local Authority | G28: https://www.gov.uk/government/statistical-data-sets/structure-of-the-agricultural-industry-in-england-and-the-uk-at-june | H28: Has some historic figures e.g. 2007, 2010 …. | I28: 46303 | J28: Y
A29: Crop Map of England (CROME) 2025 | B29: Classifying England into over 15 main crop types, grassland, and non-agricultural land covers, such as Woodland, Water Bodies, Fallow Land and other non-agricultural land covers. | C29: Land | D29: Department for Environment Food and Rural Affairs | E29: 2025 | F29: 32 million hexagonal cells | G29: https://environment.data.gov.uk/explore/04dc895b-e25d-485d-9b0c-d912a0259da8?download=true | I29: 46303 | J29: Y
A30: Enclosed farmland natural capital accounts, UK | B30: Enclosed farmland, Arable, Improved grassland | C30: Land | D30: Office for National Statistics | E30: 46211 | F30: Local Authority | G30: https://www.ons.gov.uk/economy/environmentalaccounts/bulletins/enclosedfarmlandnaturalcapitalaccountsuk/2026#data-on-enclosed-farmland-natural-capital-accounts-uk-2026 | H30: Explanation of the data hard to track down e.g. units of area, what are definitions of arable etc. | I30: 46303 | J30: Y | K30: Y | L30: Y | M30: Y
A31: England Peat Map | B31: Extent, depth, and condition of our peat including vegetation and upland peat erosion & drainage features | C31: Land | D31: Department for Environment Food and Rural Affairs | E31: N/K | F31: Grid reference | G31: https://englandpeatmap-defra.hub.arcgis.com/ | I31: 46303 | J31: Y
A32: Fire and rescue incident statistics | B32: Fires attended by Fire and Rescue Services | C32: Land | D32: Ministry of Housing, Communities and Local Government | E32: 46225 | F32: Fire and Rescue Service | G32: https://www.gov.uk/government/statistics/fire-and-rescue-incident-statistics-year-ending-march-2026/fire-and-rescue-incident-statistics-year-ending-march-2026--2 | H32: The link is to statistics for England. Includes data "outdoor primary fires". This page then contains links to Northern Ireland, Scotland and Wales | I32: 46303 | J32: Y | K32: Y | L32: Y | M32: Y
A33: Fly-tipping statistics for England | B33: Annual incidents of fly-tipping in England | C33: Land | D33: Department for Environment Food and Rural Affairs | E33: 46078 | F33: Local Authority | G33: https://www.gov.uk/government/statistics/fly-tipping-statistics-for-england | I33: 46303 | J33: Y
A34: Green belt statistics for England | B34: Size of land designated as green belt, annual change | C34: Land | D34: Department for Levelling Up, Housing and Communities | E34: 44850 | F34: Local Authority | G34: https://www.gov.uk/government/statistics/local-authority-green-belt-statistics-for-england-2021-to-2022 | H34: Includes previous data to show change | I34: 46303 | J34: Y
A35: Green Infrastructure Framework | B35: Variables under 25 headings for green infrastructure e.g. accessible areas, networks, national character areas etc etc | C35: Land | D35: Natural England | E35: 2026 | F35: Sites | G35: https://designatedsites.naturalengland.org.uk/GreenInfrastructure/Map.aspx | I35: 46303 | J35: Y
A36: Green Space Index 2025 | B36: Green space index score, ten-minute walk, green space provision per person | C36: Land | D36: Fields in Trust | E36: 2026 | F36: Some data to LSOA | G36: https://www.fieldsintrust.org/green-space-index | I36: 46303 | J36: Y | L36: Y | M36: Y
A37: Land Cover Maps | B37: Land cover using 21 categories | C37: Land | D37: UK Centre for Hydrology and Ecology | E37: 2025 | F37: Grid 10m * 10m | G37: https://www.ceh.ac.uk/data/ukceh-land-cover-maps | I37: 46303 | J37: Y | K37: Y | L37: Y | M37: Y
A38: Local Sites in positive conservation management | B38: Number of sites | C38: Land | D38: Department for Environment Food and Rural Affairs | E38: 46079 | F38: Local Authority | G38: https://www.gov.uk/government/statistics/local-sites-in-positive-conservation-management--2 | H38: Sites designated locally for their substantive nature conservation importance, either for wildlife or geology | I38: 46303 | J38: Y
A39: National Character Area Profiles | B39: Interactive profiles which describe each of England’s 159 National Character Areas (NCAs) | C39: Land | D39: Natural England | E39: 45425 | F39: Local Authority | G39: https://nationalcharacterareas.co.uk/ | I39: 46303 | J39: Y
A40: National Nature Reserves | B40: Reports on each National Nature Reserves Area habitats | C40: Land | D40: Natural England | E40: 46294 | F40: Nature Reserve | G40: https://www.gov.uk/government/collections/national-nature-reserves-in-england | I40: 46303 | J40: Y
A41: Priority Habitats Inventory | B41: Spatial dataset that maps priority habitats identified in the UK Biodiversity Action Plan and listed as being of principal importance for the purpose of conserving or enhancing biodiversity, under Section 41 of the Natural Environment and Rural Communities Act (2006) | C41: Land | D41: Natural England | E41: 46300 | F41: Habitats - can be 10s of metres small | G41: https://naturalengland-defra.opendata.arcgis.com/datasets/Defra::priority-habitats-inventory-england/about | H41: The PHI currently maps 27 terrestrial and freshwater priority habitats across England | I41: 46303 | J41: Y
A42: Provisional Agricultural Land Classification (ALC) | B42: Agricultural land classified into five grades | C42: Land | D42: Natural England | E42: 45939 | F42: Fields | G42: https://www.data.gov.uk/dataset/952421ec-da63-4569-817d-4d6399df40a1/provisional-agricultural-land-classification-alc | I42: 46303 | J42: Y
A43: Sites of Special Scientific Interest Units (England) | B43: Area, perimeter | C43: Land | D43: Natural England | E43: 46216 | F43: Data is of sites | G43: https://www.data.gov.uk/dataset/c52ead19-47c2-473b-b087-0842157e00b6/sites-of-special-scientific-interest-units-england | I43: 46303 | J43: Y
A44: UK natural capital accounts: 2025 | B44: Urban heat regulating service (Number of hot days, annual value, and asset value for the urban heat regulating service) | C44: Land | D44: Office for National Statistics | E44: 45996 | F44: Local Authority | G44: https://www.ons.gov.uk/economy/environmentalaccounts/bulletins/uknaturalcapitalaccounts/2025#data-on-natural-capital-accounts | H44: Urban heat regulating service is at Figure 8 | I44: 46303 | J44: Y | L44: Y | M44: Y
A45: Urban rural classification | B45: Classification into rural (four types) or urban (two types) | C45: Land | D45: Department for Environment Food and Rural Affairs | E45: 45730 | F45: Output area | G45: https://www.gov.uk/government/collections/rural-urban-classification | H45: The link to the data is one the page as RUC, all supplementary tables: https://www.ons.gov.uk/file?uri=/methodology/geography/geographicalproducts/ruralurbanclassifications/2021ruralurbanclassification/rucallsupplementarytables.xlsx | I45: 46303 | J45: Y | M45: Y
A46: Waste Data Interrogator | B46: Waste received and waste removed | C46: Land | D46: Department for Environment Food and Rural Affairs | E46: 2023 | F46: Permitted sites, by Local Authority | G46: https://environment.data.gov.uk/dataset/134f7ce9-5123-4813-b4e5-c4fdf621200d | I46: 46303 | J46: Y
A47: Waste management - annual results - local authority collected waste | B47: Household and non household, waste collected, green waste and waste for recycling | C47: Land | D47: Department for Environment Food and Rural Affairs | E47: 46112 | F47: Local Authority | G47: https://www.gov.uk/government/statistics/local-authority-collected-waste-management-annual-results | H47: Data for 2024/25 | I47: 46303 | J47: Y
A48: Access the public register for environmental information | B48: Environmental permits, Environment Agency prosecutions, Large raised reservoirs. Registered exemptions e.g. from water quality | C48: People | D48: Environment Agency | E48: 2026 | F48: Local Authority | G48: https://www.gov.uk/guidance/access-the-public-register-for-environmental-information#environmental-permits | H48: Access to a variety of permits to see who is licensed and how many by disctance from a point | I48: 46303 | J48: Y
A49: Estimates of green jobs, UK: March 2026 | B49: Green jobs, emisions per employee | C49: People | D49: Office for National Statistics | E49: 46105 | F49: Local Authority | G49: https://www.ons.gov.uk/economy/environmentalaccounts/bulletins/experimentalestimatesofgreenjobsuk/july2025 | I49: 46303 | J49: Y | L49: Y | M49: Y
A50: Extreme Heat Vulnerability Index | B50: Index for all 33,755 LSOAs in England. The Index brings different factors together to identify where the conditions associated with greater vulnerability are most concentrated. | C50: People | D50: OCSI - Oxford Consultants for Social Inclusion | E50: 2026 | F50: Lower layer Super Output Areas (LSOAs) | G50: https://ocsi.uk/2026/08/28/where-is-england-most-vulnerable-to-extreme-heat/ | I50: 46303 | J50: Y
A51: Heat mortality monitoring report, England: 2025 | B51: Heat-associated deaths and mortality rates | C51: People | D51: UK Health Security Agency | E51: 46114 | F51: Local resilience forum area (Counties) | G51: https://www.gov.uk/government/statistics/heat-mortality-monitoring-report-england-2025 | H51: Data available for 2024 and 2025 | I51: 46303 | J51: Y
A52: Which neighbourhoods are most vulnerable to heatwaves? | B52: Areas classified as High heat and enhanced risk, or High heat, not enhanced risk, or Lower heat exposure | C52: People | D52: Friends of the Earth | E52: 45880 | F52: Middle-layer Super Output Areas (MSOA) | G52: https://policy.friendsoftheearth.uk/insight/which-neighbourhoods-are-most-vulnerable-heatwaves | I52: 46303 | J52: Y
A53: Ancient Tree Inventory (ATI) | B53: Number of ancient trees | C53: Plants | D53: Woodland Trust and the Tree Register of the British Isles | E53: 46287 | F53: Points, aggregated to Parliamentary Constituencies | G53: https://opendata-woodlandtrust.hub.arcgis.com | H53: The fig tree in the middle of the North Sea is a little surprising | I53: 46303 | J53: Y | K53: Y | L53: Y | M53: Y
A54: British species of lichens and lichenicolous fungi | B54: Distribution maps for all the British species of lichens and lichenicolous fungi | C54: Plants | D54: The British Lichen Society | E54: Current | F54: 10km sq. distribution map | G54: https://britishlichensociety.org.uk/resources/species-accounts | H54: "These are more up to date and accurate than those on the NBN Atlas" | I54: 46303 | J54: Y | K54: Y | L54: Y | M54: Y
A55: BSBI (Botanical Society of Britain and Ireland) Distribution Maps Scheme | B55: The BSBI's Distribution Database (DDb) contains more than 50 million plant records | C55: Plants | D55: Botanical Society of Britain and Ireland | E55: Current | F55: Plants records up to tetrad (2km square) resolution | G55: https://bsbi.org/recording/maps-data/distribution | H55: "From 2020-onwards all BSBI recording should be at 1km square resolution or better" | I55: 46303 | J55: Y | K55: Y | L55: Y | M55: Y
A56: Forestry Commission Open Data | B56: Lists 166 data sets with a range of variables on trees, but also matters such as recreation areas | C56: Plants | D56: Forestry Commission | E56: Current | F56: Sites | G56: https://data-forestry.opendata.arcgis.com/ | I56: 46303 | J56: Y | K56: Y | L56: Y | M56: Y
A57: Local Nature Reserves (England) | B57: Area | C57: Plants | D57: Defra group ArcGIS Online organisation | E57: 46253 | F57: Sites | G57: https://naturalengland-defra.opendata.arcgis.com/datasets/b1d690ac6dd54c15bdd2d341b686ecd7_0/explore?location=52.649702%2C-1.948537%2C6.96 | H57: Records table gives grid reference of each Local Nature reserve | I57: 46303 | J57: Y
A58: National Forest Inventory woodland and tree cover outside woodland | B58: Forest inventory reports and woodland map reports | C58: Plants | D58: Forest Research | E58: Various | F58: Site | G58: https://www.forestresearch.gov.uk/tools-and-resources/national-forest-inventory/what-our-woodlands-and-tree-cover-outside-woodlands-are-like-today-nfi-inventory-reports-and-woodland-map-reports/ | H58: Range of data for different years and types of tree, as well as ownership | I58: 46303 | J58: Y | L58: Y | M58: Y
A59: Peat map - England | B59: Peaty soil depth, vegetation and land cover | C59: Plants | D59: DEFRA and Natural England | E59: 45785 | F59: Grid 10m * 10m | G59: https://englandpeatmap-defra.hub.arcgis.com/ | I59: 46303 | J59: Y
A60: Plant Atlas 2020 | B60: 2,863 species of plant | C60: Plants | D60: Botanical Society of Britain and Ireland, UK Centre for Ecology and Hydrology, Biological Records Centre | E60: 45415 | F60: 10 × 10 km grid square | G60: https://plantatlas2020.org/ | H60: Data is at https://zenodo.org/records/11108832 | I60: 46303 | J60: Y | K60: Y | L60: Y | M60: Y
A61: Tree Species Map England | B61: The model was trained to distinguish 35 common tree species | C61: Plants | D61: Forestry Commission | E61: 45162 | F61: 5km grids | G61: https://environment.data.gov.uk/dataset/0c7a4e86-5fb2-4e13-867b-3d24c332f257 | I61: 46303
A62: Trees Map | B62: Existing tree canopy cover and woodland opportunity | C62: Plants | D62: Friends of the Earth | E62: 2023 | F62: Neighbourhoods | G62: https://friendsoftheearth.uk/nature/trees-map-where-could-we-create-woodland-england#key-findings | H62: Existing trees mapped using Environment Agency data and land suitable for new woodland identified by Friends of the Earth | I62: 46303 | J62: Y
A63: Trees outside woodland map | B63: Location and extent of lone trees, groups of trees, and small woodlands based on aerial Lidar and satellite imagery | C63: Plants | D63: Forest Research | E63: 2024 | F63: Categorised into lone trees, groups of trees, and small woodlands. | G63: https://ncea.maps.arcgis.com/apps/instant/sidebar/index.html?appid=cf571f455b444e588aa94bbd22021cd3 | I63: 46303 | J63: Y
A64: CaBA (Catchment Area Based Approach) Data Hub | B64: The Data Hub page provides a good introduction. Issues, 51 data sets e.g. risk of flooding. Characteristics, 27 data sets e.g. tree cover density. Causes 40 data sets e.g. storm overflows. Action, 5 data sets e.g. environmental stewardship agreements. Monitoring, 12 data sets e.g. Japanese knotweed. Background, 17 data sets e.g. river centre lines | C64: Water | D64: The Rivers Trust | E64: Current | F64: Various | G64: https://data.catchmentbasedapproach.org/ | H64: Not the easiest to access. The distribution across four nations varies according to the variable | I64: 46303 | J64: Y | K64: Y | L64: Y | M64: Y
A65: Categories for water bodies | B65: Number of water bodies, ecological status, chemical status, quantitative status | C65: Water | D65: Department for Environment Food and Rural Affairs | E65: Current | F65: Water bodies, catchment areas, lakes etc. | G65: https://environment.data.gov.uk/catchment-planning/England/classifications | H65: Classification data is a method for distinguishing the environmental condition or "status" of water bodies and putting them into one category or another | I65: 46303 | J65: Y
A66: Data for the Water Company Performance Report 2024-25 | B66: Customer experience, leakage, per capita consumption, water supply interruptions, Water quality compliance, mains repairs, unplanned outage, internal sewer flooding, pollution incidents, sewer collapses, treatment works compliance | C66: Water | D66: Ofwat | E66: 23/10/2025 | F66: Water Company | G66: https://www.ofwat.gov.uk/publication/data-for-the-water-company-performance-report-2024-25/ | I66: 46303 | J66: Y | M66: Y
A67: Drinking water | B67: "Forever chemicals" (PFOS and PFOA) nanograms per litre (ng/L) | C67: Water | D67: Royal Society of Chemistry | E67: 2024 | F67: Points, aggregated to Parliamentary Constituencies | G67: https://www.rsc.org/policy-evidence-campaigns/environmental-sustainability/sustainability-reports-surveys-and-campaigns/cleaning-up-uk-drinking-water/#interactive-map | I67: 46303 | J67: Y | M67: Y
A68: Explore catchment data | B68: Management information e.g. Water Environment Improvement Fund - number of schemes | C68: Water | D68: Environment Agency | E68: 2023 | F68: Catchments and water bodies | G68: https://environment.data.gov.uk/catchment-planning/ | H68: Contains catchment areas. Note that Chemical Status removed. | I68: 46303 | J68: Y
A69: Flood risk | B69: Flood risk from sea, surface water or reservoir. Current and future risks | C69: Water | D69: Environment Agency for rivers and sea, Lead local flood authorities (LLFA) for surface water, | E69: Current | F69: Address | G69: https://check-long-term-flood-risk.service.gov.uk/postcode | H69: T1) Risk from rivers or sea (depth or flow) 2) flood risk from surface water (depth or velocity) 3) flood risks from reservoirs. Jan 2025 "We have paused updates to information about flood risk from rivers and the sea and surface water while we get ready for new data." | I69: 46303 | J69: Y
A70: FloodRadar | B70: Rainfall, river height, sewage overflows | C70: Water | D70: FloodRadar | E70: Current | F70: River flow stations | G70: https://www.floodradar.co.uk/ | H70: "FloodRadar is an independent service, adding context, history and experimental insights to the official picture. Official flood warnings and local emergency advice always take precedence. Our models and alerts support your understanding" | I70: 46303 | J70: Y | L70: Y | M70: Y
A71: Monthly hydrological summaries | B71: Rainfall, river flow, groundwater, reservoirs, soil moisture, | C71: Water | D71: UK Centre for Hydrology and Ecology | E71: 2026 | F71: 1500 river gauging stations | G71: https://nrfa.ceh.ac.uk/nhmp/monthly-hydrological-summary-uk | I71: 46303 | J71: Y | K71: Y | L71: Y | M71: Y
A72: National Network of Regional Coastal Monitoring Programmes | B72: Coastal defence assets, habitats, sediment, tides, waves | C72: Water | D72: Coastal Monitoring | E72: Current | F72: Points, sites on coast and some rivers | G72: https://www.coastalmonitoring.org/cco/ | H72: e.g. 53 stations for waves | I72: 46303 | J72: Y
A73: Our canal & river network | B73: Map of canal and river network | C73: Water | D73: Canal and River Trust | E73: Current | F73: Location of (major) canals | G73: https://canalrivertrust.org.uk/canals-and-rivers | I73: 46303 | J73: Y | M73: Y
A74: Real time flood monitoring data: Archives | B74: Date, time, value and measure | C74: Water | D74: Environment Agency | E74: Current | F74: River flow stations | G74: https://environment.data.gov.uk/flood-monitoring/archive | H74: Archive data, in sense of from yesterday. Starts with recent days - the past 10. Measuring station, which has town and river, latitude and longitude | I74: 46303 | J74: Y
A75: River flow forecasts | B75: River flows (M3/s) | C75: Water | D75: Hydrological Outlook Partnership | E75: Current | F75: 93 points on rivers | G75: https://ukho.ceh.ac.uk/ | I75: 46303 | J75: Y | K75: Y | L75: Y | M75: Y
A76: River, sea, groundwater and rainfall levels | B76: Height, trend, state | C76: Water | D76: On .gov.uk webpage | E76: Current | F76: River flow stations | G76: https://check-for-flooding.service.gov.uk/river-and-sea-levels/river/river-thames | I76: 46303 | J76: Y
A77: Sewage Map | B77: This map shows, in real-time, which river sections are downstream of sewage discharges from storm overflows | C77: Water | D77: Alex Lipp (UCL) & Jonny Dawe, hosting costs supported by RiverAction | E77: Current | F77: 14,285 storm overflows in 2024 annual return | G77: https://www.sewagemap.co.uk/ | I77: 46303 | J77: Y | L77: Y
A78: State of Our Rivers Report | B78: Chemical health and environmental health | C78: Water | D78: The Rivers Trust | E78: 2024 | F78: Rivers | G78: https://theriverstrust.org/rivers-report-2024 | I78: 46303 | J78: Y | K78: Y | L78: Y | M78: Y
A79: Swimfo: Find a bathing water | B79: Designated bathing water or advice against bathing | C79: Water | D79: Department for Environment Food and Rural Affairs | E79: 2025 | F79: By site | G79: https://environment.data.gov.uk/bwq/profiles/? | H79: May and September each year. Indicates place / organisations to go for data for Northern Ireland, Scotland and Wales | I79: 46303 | J79: Y
A80: The National Storm Overflow Hub | B80: Real-time discharge data from over 14,000 storm overflows in England | C80: Water | D80: Stream (UK water companies) | E80: Current | F80: Over 14,000 storm overflows in England | G80: https://www.streamwaterdata.co.uk/pages/the-national-storm-overflow-hub | I80: 46303 | J80: Y
A81: UK National Tide Gauge Network | B81: Sea level, includes data such as storm surges | C81: Water | D81: Environment Agency | E81: Current | F81: UK national network of sea level gauges | G81: https://ntslf.org/tides/tgi | I81: 46303 | J81: Y | K81: Y | L81: Y | M81: Y
A82: Water companies in England and Wales performance | B82: Water Companies, including amount of water used, sewage, and bills | C82: Water | D82: Discover Water UK: brings together data from Water UK, Ofwat, Environment Agency, National Resource Wales, DEFRA, CCW | E82: 2024/2025 | F82: Water Company | G82: https://www.discoverwater.co.uk/ | H82: Difficult to find the data for each company, but it is there if "Click for company comparison" is tried by where available in themes | I82: 46303 | J82: Y | M82: Y
A83: Water situation reports for England | B83: Monthly water situation reports and weekly rainfall and river flow reports e.g. dry weather and droughts | C83: Water | D83: Environment Agency, the Met Office and water companies | E83: Current | F83: River flow stations, rainfall on maps by radar | G83: https://www.gov.uk/government/collections/water-situation-reports-for-england | H83: Has links to data for Northern Ireland, Scotland and Wales | I83: 46303 | J83: Y

Sheet Articles
A1: Recent articles relevant to the environment in the UK
A5: Author(s) | B5: Date | C5: Title | D5: Published by / in | E5: Link | F5: Comment
A6: Agriculture and Horticulture Development Board (AHDB) | B6: 45717 | C6: Climate Change Adaptation | D6: AHDB | E6: https://projectblue.blob.core.windows.net/media/Default/Environment/Climate_Change_Report%20(ARP4)%20250218_WEB.pdf
A7: British Geological Survey | B7: 46250 | C7: UK aquifers robust despite driest July on record | D7: British Geological Survey | E7: https://www.bgs.ac.uk/news/uk-aquifers-robust-despite-driest-july-on-record/
A8: Burnett, N. | B8: 46188 | C8: Climate change adaptation and resilience in the UK | D8: House of Commons Library, Research Briefing | E8: https://researchbriefings.files.parliament.uk/documents/CBP-9969/CBP-9969.pdf
A9: Chilvers, J., Honeybun-Arnolda, E., Hinds, P. & Pallett, H. | B9: 2024 | C9: Mapping Diverse Public Engagements with Nature and Biodiversity | D9: Norwich: 3S Research Group & Natural England | E9: https://ueaeprints.uea.ac.uk/id/eprint/96032/1/Natural_England_Mapping_Public_Engagement_Project_Report.pdf
A10: Christopher Whitty, Chief Medical Officer for England | B10: 2022 | C10: Annual Report 2022, Air pollution | D10: Chief Medical Officer | E10: https://assets.publishing.service.gov.uk/government/uploads/system/uploads/attachment_data/file/1124738/chief-medical-officers-annual-report-air-pollution-dec-2022.pdf
A11: Climate Change Committee | B11: 46162 | C11: The Fourth Independent Assessment of UK Climate Risk (CCRA4-IA) | D11: Climate Change Committee | E11: https://www.theccc.org.uk/wp-content/uploads/2026/05/A-Well-Adapted-UK-CCRA4-IA-784y9813-3094039i85t59yhfufoub24f2bipdj1.pdf
A12: Climate Change Committee | B12: 45833 | C12: Progress in reducing emissions – 2025 report to Parliament | D12: Climate Change Committee | E12: https://www.theccc.org.uk/publication/progress-in-reducing-emissions-2025-report-to-parliament/#publication-downloads
A13: Department for Environment, Food & Rural Affairs | B13: 45923 | C13: Wild bird populations in the UK and England, 1970 to 2023 | D13: DEFRA | E13: https://www.gov.uk/government/statistics/wild-bird-populations-in-the-uk/wild-bird-populations-in-the-uk-and-england-1970-to-2023
A14: Department for Environment, Food & Rural Affairs | B14: 45594 | C14: 30 by 30 on land in England: confirmed criteria and next steps, policy paper | D14: DEFRA | E14: https://www.gov.uk/government/publications/criteria-for-30by30-on-land-in-england/30by30-on-land-in-england-confirmed-criteria-and-next-steps
A15: Environment Agency | B15: 45846 | C15: Environment Agency: EA2030 change for a better environment | D15: Environment Agency | E15: https://www.gov.uk/government/publications/environment-agency-ea2030-change-for-a-better-environment
A16: Environment Agency | B16: 46239 | C16: National assessment of flood and coastal erosion risk in England 2024 | D16: Environment Agency | E16: https://www.gov.uk/government/publications/national-assessment-of-flood-and-coastal-erosion-risk-in-england-2024/national-assessment-of-flood-and-coastal-erosion-risk-in-england-2024
A17: Environment Agency Chief Scientist’s Group | B17: 46082 | C17: Chief Scientist’s Annual Review 2025 | D17: Environment Agency | E17: https://assets.publishing.service.gov.uk/media/69cb728094c191d28596ed86/Chief_Scientist_s_annual_review_2025.pdf
... A39: Spencer, R. | B39: 45474 | C39: Nature and Biodiversity: a guide for development | D39: Environmental Industries-Commission | E39: https://eic-uk.co.uk/media/bompoldu/nature-and-biodiversity_a-guide-for-development-24-07-eic-rs-nb-f2.pdf

Sheet Glossary
A1: Initials used of titles and authors
A3: For general glossary of environmental term, see DEFRA "Glossary": https://environment.data.gov.uk/catchment-planning/help/glossary
A5: Abbreviation | B5: What it stands for
A6: AHDB | B6: Agriculture and Horticulture Development Board
A7: BTO | B7: British Trust for Ornithology
A8: CCW | B8: Consumer Council for Water
A9: CH4 | B9: Symbol for methane
A10: CO2 | B10: Symbol for Carbon Dioxide
A11: CPRE | B11: Countryside charity formerly known as Council for the Preservation of Rural England and the Council for the Protection of Rural England
A12: DEFRA | B12: Department for Environment, Food & Rural Affairs
A13: DESNZ | B13: Department for Energy Security and Net Zero
A14: GSS | B14: Government Statistical Service
A15: IPPC | B15: Integrated Pollution Prevention and Control
A16: JNCC | B16: Joint Nature Conservation Committee
... A29: SSSI | B29: Sites of Special Scientific Interest Units
